 Dungeon Crawl Stone Soup version 0.19.1 (webtiles) character file.

2881 empire the Fighter (level 9, -2/157 HPs)
             Began as an Ogre Berserker on Dec 21, 2016.
             Was an Elder of Trog.
             Slain by Erica
             ... wielding a +1 scimitar of flaming
              (3 damage)
             ... on level 7 of the Dungeon.
             The game lasted 00:18:34 (7072 turns).

empire the Fighter (Ogre Berserker)                 Turns: 7072, Time: 00:18:35

Health: -2/157     AC:  8    Str: 29    XL:     9   Next: 76%
Magic:  9/9        EV: 13    Int:  6    God:    Trog [****..]
Gold:   328        SH:  4    Dex: 12    Spells: 0 memorised, 8 levels left

rFire  . . .     SeeInvis .     b - +0 giant club
rCold  . . .     Gourm    .     Z - +0 animal skin
rNeg   . . .     Faith    .     (shield currently unavailable)
rPois  .         Spirit   .     (helmet restricted)
rElec  .         Reflect  .     X - +0 cloak
rCorr  .         Harm     .     (gloves unavailable)
MR     ++...                    (boots unavailable)
Stlth  ..........               (no amulet)
                                z - +4 ring of protection
                                e - +1 ring of slaying

@: berserking, lethally poisoned (-2 -> -3), regenerating, very quick
A: unfitting armour, claws 1, large bone plates 1, high mp 1, tough skin 1,
evolution 1
a: Berserk, Trog's Hand, Brothers in Arms, Burn Spellbooks, Renounce Religion


You were on level 7 of the Dungeon.
You worshipped Trog.
Trog was greatly pleased with you.
You were very hungry.

You visited 2 branches of the dungeon, and saw 9 of its levels.
You also visited: Sewer.

You collected 328 gold pieces.

Inventory:

Hand Weapons
 a - a +1 flail of draining
 b - a +0 giant club (weapon)
 s - a cursed -1 shortbow
 t - a +2 dagger of speed
 y - a +2 short sword of speed
 H - a cursed -3 spear
 I - a +1 mace of protection
 K - the +3 flail "Jiaxt" {elec, -Tele +Inv Str+4, unknown}
   (You took it off an orc on level 5 of the Dungeon)

   Occasionally, upon striking a foe, it will discharge some electrical energy
   and cause terrible harm.
   It affects your strength (+4).
   It lets you turn invisible.
   It prevents most forms of teleportation.
Missiles
 j - 124 arrows
 k - 21 tomahawks (quivered)
 o - 46 poisoned needles
 u - 26 bolts
Armour
 X - a +0 cloak (worn)
 Z - a +0 animal skin (worn)
Magical Staves
 L - an uncursed staff of fire {unknown}
Jewellery
 e - a +1 ring of slaying (left claw)
 l - an uncursed ring of protection from magic
 z - a +4 ring of protection (right claw)
Wands
 C - a wand of disintegration (6/24)
 M - a wand of slowing (16/48)
 U - a wand of iceblast (5/15)
Scrolls
 i - 4 scrolls of magic mapping
 m - 5 scrolls of remove curse {unknown}
 n - a scroll of random uselessness {unknown}
 v - 4 scrolls of enchant weapon {unknown}
 w - 3 scrolls of immolation {unknown}
 A - a scroll of fear {unknown}
 F - 2 scrolls of teleportation {unknown}
 R - a scroll of identify
 T - a scroll of amnesia {unknown}
Potions
 d - 2 potions of cure mutation {unknown}
 g - 3 potions of resistance
 h - 3 potions of lignification {unknown}
 q - a potion of might
 r - a potion of agility {unknown}
 B - a potion of flight {unknown}
 D - a potion of degeneration {unknown}
 E - a potion of mutation {unknown}
 G - a potion of invisibility {unknown}
 J - 2 potions of heal wounds {unknown}
 O - 2 potions of curing
 Q - a potion of berserk rage {unknown}
 S - a potion of brilliance {unknown}
Books
 N - a book of Misfortune

   Spells                             Type                      Level
   a - Confusing Touch                Hexes                        1
   b - Confuse                        Hexes                        3
   c - Gell's Gravitas                Hexes/Translocation          3
   d - Petrify                        Transmutation/Earth          4
   e - Metabolic Englaciation         Hexes/Ice                    5
   f - Yara's Violent Unravelling     Hexes/Transmutation          5
   Trog disapproves of the use of such an item.
Comestibles
 c - 3 bread rations
 f - a slice of pizza
 p - 8 fruits
 x - 4 meat rations


   Skills:
 + Level 11.3 Fighting
 + Level 11.0 Maces & Flails
 + Level 6.5 Dodging


You had 8 spell levels left.
You didn't know any spells.

Dungeon Overview and Level Annotations

Branches:
Dungeon (8/15)             Temple (1/1) D:6
   Lair: D:8-11

Altars:
Cheibriados
Gozag
Kikubaaqudgha
Nemelex Xobeh
Okawaru

Shops:
D:6 (   D:8 (

Annotations:
D:7 Erica


Innate Abilities, Weirdness & Mutations

You are too large for most types of armour.
You have tough skin. (AC +1)
You have sharp fingernails.
You are partially covered in large bone plates. (SH +4)
You have an increased reservoir of magic. (+10% MP)
You evolve.


Message History

Unknown command.
Okay, then.
A red film seems to cover your vision as you go berserk!
You feel yourself moving faster!
You feel mighty!
You are feeling very hungry.
You hear some strange, mumbled words.
A bolt of poison appears from out of thin air!
The bolt of poison hits you!
You are poisoned.
* * * LOW HITPOINT WARNING * * *
You are too berserk!
You sock something!
You feel sick. Something hits you.
* * * LOW HITPOINT WARNING * * *
Something burns you.
* * * LOW HITPOINT WARNING * * *
You bludgeon something!!
You feel sick.
You closely miss something.
You feel sick. Something hits you!
* * * LOW HITPOINT WARNING * * *
Something burns you.
You die...

..###.##.....)..........######...
...##....###............# #...
...<....)..........<..### #...
##......######.......)# #####...
......### #........####.......
......#### ###....Y........###...
......[..###.....>.....##### #...
....####.......####.#...## #...
#...####........@{..#....#####...
...............######.......##...
#.......#.......#####...###.##.#.
....###..................##..#.#.
###.# ###.......#####....###...#.
# #.# #........####.....##..##. #
#(# #......#...##............
###.#####......###............#..
##......#........###....#.....#..


There were no monsters in sight!

Vanquished Creatures
  2 yaks (D:7)
  A hungry ghost (D:7)
  3 porcupines (D:7)
  An ice beast (D:5)
  An ogre (D:5)
  A sky beast (D:5)
  A phantom (D:6)
  A black bear (D:7)
  A necrophage (D:7)
  2 centaurs (D:7)
  A big kobold (D:7)
  3 bullfrogs
  4 scorpions
  2 howler monkeys (D:7)
  2 crimson imps (D:7)
  A centaur zombie (D:6)
  A jelly (D:7)
  2 bullfrog skeletons
  Jessica (D:2)
  A centaur skeleton (D:5)
  6 iguanas
  An orc wizard (D:3)
  5 worker ants
  A killer bee zombie (D:5)
  Robin (D:2)
  6 gnolls (D:5)
  9 adders
  A shadow imp (D:6)
  10 oozes
  An adder skeleton (D:5)
  An adder zombie (D:6)
  5 worms
  6 dart slugs
  12 leopard geckos
  9 orcs
  17 giant cockroaches
  14 goblins
  5 hobgoblins
  9 jackals
  14 kobolds
  10 ball pythons
  A ball python skeleton (D:4)
  8 bats
  13 frilled lizards
  A leopard gecko skeleton (D:7)
  10 rats
208 creatures vanquished.

Notes
Turn   | Place    | Note
-------+----------+-------------------------------------------
     0 | D:1      | empire the Ogre Berserker began the quest for the Orb.
     0 | D:1      | Reached XP level 1. HP: 24/24 MP: 1/1
   140 | D:1      | Reached XP level 2. HP: 20/32 MP: 2/2
   347 | D:1      | Reached skill level 5 in Maces & Flails
   457 | D:1      | Reached XP level 3. HP: 33/39 MP: 3/3
   646 | D:1      | Found a snail-covered altar of Cheibriados.
   776 | D:1      | Reached ** piety under Trog
   910 | D:2      | Noticed Jessica
   923 | D:2      | Killed Jessica
   923 | D:2      | Reached XP level 4. HP: 22/48 MP: 4/4
  1217 | D:2      | Noticed Robin
  1251 | D:2      | Killed Robin
  1727 | D:3      | Reached XP level 5. HP: 50/54 MP: 5/5
  2169 | D:3      | Reached *** piety under Trog
  2745 | D:4      | Reached XP level 6. HP: 28/62 MP: 6/6
  2891 | D:4      | Reached skill level 5 in Dodging
  2922 | D:4      | Found a glowing drain.
  2926 | Sewer    | Entered a sewer
  3288 | Sewer    | Reached **** piety under Trog
  3394 | Sewer    | Reached XP level 7. HP: 59/70 MP: 7/7
  4357 | D:5      | Entered Level 5 of the Dungeon
  4392 | D:5      | Gained mutation: You are partially covered in large bone plates. (SH +4) [mutagenic meat]
  4393 | D:5      | Gained mutation: You evolve. [mutagenic meat]
  4527 | D:5      | Reached XP level 8. HP: 60/78 MP: 8/8
  4589 | D:5      | Found an opulent altar of Gozag.
  4662 | D:5      | Reached skill level 10 in Maces & Flails
  4717 | D:5      | Gained mutation: You have sharp fingernails. [evolution]
  4833 | D:5      | Got a translucent flail {elec}
  5376 | D:6      | Found a staircase to the Ecumenical Temple.
  5396 | Temple   | Entered the Ecumenical Temple
  5557 | D:6      | Reached skill level 5 in Fighting
  5692 | D:6      | Found Duxteapp's Weapon Emporium.
  6088 | D:7      | Found an iron altar of Okawaru.
  6107 | D:7      | Reached XP level 9. HP: 60/96 MP: 9/9
  6504 | D:7      | Reached skill level 10 in Fighting
  6856 | D:7      | Gained mutation: You have an increased reservoir of magic. (+10% MP) [evolution]
  6857 | D:8      | Found Uczoq's Antique Weapon Emporium.
  6857 | D:8      | Noticed Erica
  7072 | D:7      | HP: 1/157 [something (8)]
  7072 | D:7      | Slain by Erica

Skill      XL: |  1  2  3  4  5  6  7  8  9 |
---------------+----------------------------+-----
Maces & Flails | 5 6 9 10 11 | 11.0
Dodging        | 3 4 6 |  6.5
Fighting       | 7 11 | 11.3

Action                   |  1- 3 |  4- 6 |  7- 9 || total
-------------------------+-------+-------+-------++-------
Melee: Mace              |    84 |   326 |    59 ||   469
       Flail             |       |       |   145 ||   145
       Giant club        |       |       |    91 ||    91
Invok: Trog's Hand       |     1 |     2 |     7 ||    10
       Berserk           |     1 |       |     4 ||     5
       Burn Spellbooks   |       |       |     1 ||     1
  Use: Scroll            |       |     5 |     5 ||    10
       Potion            |       |       |     4 ||     4
 Stab: Sleeping          |       |     2 |     1 ||     3
  Eat: Chunk             |       |    11 |    16 ||    27
       Fruit             |       |       |     4 ||     4
Armor: Animal skin       |    31 |   116 |    61 ||   208
Dodge: Dodged            |    55 |   231 |   164 ||   450
Block: Other             |       |       |    54 ||    54
